 Dungeon Crawl Stone Soup version 0.20.1-1-g8b1a95d (console) character file.

79 Kloppie the Poker (level 4, -1/60 HPs)
             Began as a Minotaur Gladiator on July 11, 2017.
             Slain by koorschki's ghost (9 damage)
             ... on level 3 of the Dungeon.
             The game lasted 00:02:05 (1555 turns).

Kloppie the Poker (Minotaur Gladiator)              Turns: 1555, Time: 00:02:06

Health: -1/60      AC: 22    Str: 19    XL:     4   Next: 17%
Magic:  3/3        EV:  2    Int:  5    God:
Gold:   50         SH:  0    Dex: 12    Spells: 3/3 levels left

rFire    . . .     SeeInvis .   a - +0 trident
rCold    . . .     Gourm    .   (no shield)
rNeg     + + +     Faith    .   (armour currently unavailable)
rPois    +         Spirit   .   (helmet currently unavailable)
rElec    .         Reflect  .   (cloak currently unavailable)
rCorr    .         Harm     .   (gloves currently unavailable)
MR       .....     NoTele   +   (boots currently unavailable)
Stlth    +.........             g - amulet of inaccuracy (curse)
Regen    0.2/turn               (no ring)
MPRegen  0.1/turn               (no ring)

@: tree-form, very slightly contaminated, invisible
A: (retaliatory headbutt)
a: no special abilities


You were on level 3 of the Dungeon.
You were very hungry.
You were a tree.
You visited 1 branch of the dungeon, and saw 3 of its levels.

You collected 50 gold pieces.

Inventory:

Hand Weapons
 a - a +0 trident (weapon)
Armour
 c - a +0 hat (melded)
 h - a +0 cloak (melded)
 j - a +0 ring mail (melded)
Jewellery
 g - a cursed amulet of inaccuracy (around neck)
Scrolls
 l - 2 scrolls of identify
Potions
 b - a potion of brilliance
Comestibles
 f - 3 bread rations


   Skills:
 + Level 4.1 Fighting
 + Level 5.0 Polearms
 - Level 2.0 Throwing
 - Level 3.2 Dodging


You had 3 spell levels left.
You didn't know any spells.

Dungeon Overview and Level Annotations

Branches:
Dungeon (3/15)

Altars:

Annotations:
D:3 koorschki's ghost, amateur DsFi


Innate Abilities, Weirdness & Mutations

((You reflexively headbutt those who attack you in melee.))
((You have a pair of horns on your head.))


Message History

Something unseen opens the door.
You start resting.
Koorschki's ghost (amateur Demonspawn Fighter) comes into view.
Koorschki's ghost is nearby!
You cannot move.
You cannot move.
Koorschki's ghost turns its malevolent gaze towards you.
It was a potion of invisibility.
You fade into invisibility!
You are very lightly contaminated with residual magic.
It was a potion of flight.
Your roots keep you in place.
Koorschki's ghost hits you but does no damage.
Throwing (i - inventory):
d - a throwing net (quivered)
Press: ? - help, Shift-Dir - straight line, f - koorschki's ghost
Aim: koorschki's ghost (immune to nets)
You throw a throwing net.
The throwing net hits koorschki's ghost.
The net passes right through koorschki's ghost!
Koorschki's ghost hits you!
You die...

#..... .
.......#.
........
[####....#.###
......... .#.# .
.>....... ... ...
........##.#..#..
........†♣W......
....##'##...#.#.
. ##...###'#
##.....## ..
##.8.g.8.## ..#
##.#.....#.## ..
#...8...8...# .
+.....(.....+
#...8...8...# #


You could see koorschki's ghost.

Vanquished Creatures
  4 adders
  2 worms (D:2)
  3 dart slugs
  A bat (D:1)
  A giant cockroach (D:2)
  3 hobgoblins
  4 jackals (D:3)
  6 kobolds
  5 goblins
29 creatures vanquished.

Notes
Turn   | Place    | Note
-------+----------+-------------------------------------------
     0 | D:1      | Kloppie the Minotaur Gladiator began the quest for the Orb.
     0 | D:1      | Reached XP level 1. HP: 18/18 MP: 0/0
   262 | D:1      | Reached XP level 2. HP: 26/26 MP: 1/1
   288 | D:1      | Reached skill level 4 in Polearms
   876 | D:2      | Reached XP level 3. HP: 9/31 MP: 2/2
  1511 | D:3      | Reached skill level 5 in Polearms
  1511 | D:3      | Reached XP level 4. HP: 6/40 MP: 3/3
  1523 | D:3      | HP: 3/60 [poisoned by an adder]
  1551 | D:3      | Noticed koorschki's ghost (amateur DsFi)
  1555 | D:3      | Slain by koorschki's ghost

Skill      XL: |  1  2  3 |
---------------+----------+-----
Fighting       | 3 4 |  4.1
Polearms       | 4 5 |  5.0
Throwing       | |  2.0
Dodging        | |  3.2

Action                   |  1- 3 |  4- 6 || total
-------------------------+-------+-------++-------
Melee: Trident           |    93 |    16 ||   109
       Headbutt          |     8 |       ||     8
Throw: Throwing net      |     3 |     1 ||     4
  Use: Scroll            |     3 |       ||     3
       Potion            |       |     3 ||     3
 Stab: Held in net/web   |     1 |       ||     1
  Eat: Chunk             |     1 |       ||     1
Armor: Leather armour    |     1 |       ||     1
       Ring mail         |    23 |     1 ||    24
       Skin              |       |    15 ||    15
Dodge: Dodged            |    53 |     4 ||    57
